 Dungeon Crawl Stone Soup version 0.25-a0-464-g3004169c2b (webtiles) character file.

Game seed: 17812693989298006332, levelgen mode: deterministic

94 Kohma the Grave Robber (level 4, -6/30 HPs)
             Began as a Demonspawn Necromancer on Feb 4, 2020.
             Mangled by a gnoll
             ... wielding a +0 spear
              (9 damage)
             ... on level 2 of the Dungeon.
             The game lasted 00:05:49 (2593 turns).

Kohma the Grave Robber (Demonspawn Necromancer)     Turns: 2593, Time: 00:05:50

Health: -6/30      AC:  3    Str:  8    XL:     4   Next: 38%
Magic:  2/8        EV: 12    Int: 17    God:
Gold:   80         SH:  0    Dex: 14    Spells: 2/8 levels left

rFire    . . .     SeeInvis .   g - +2 short sword (venom)
rCold    . . .     Gourm    .   (no shield)
rNeg     . . .     Faith    .   a - +0 robe
rPois    .         Spirit   .   (helmet restricted)
rElec    .         Reflect  .   (no cloak)
rCorr    .         Harm     .   h - +0 pair of gloves
MR       .....                  (no boots)
Stlth    ++........             (no amulet)
HPRegen  0.10/turn              (no ring)
MPRegen  0.11/turn              (no ring)

@: very slightly contaminated
A: antennae 1, powered by pain 1
a: no special abilities


You were on level 2 of the Dungeon.
You were not hungry.

You visited 1 branch of the dungeon, and saw 2 of its levels.

You collected 80 gold pieces.

Inventory:

Hand Weapons
 g - a +2 short sword of venom (weapon)
Missiles
 n - 15 poisoned darts (quivered)
Armour
 a - a +0 robe (worn)
 h - a +0 pair of gloves (worn)
Jewellery
 e - an uncursed amulet of faith {unknown}
Wands
 j - a wand of flame (21)
Scrolls
 b - 4 scrolls of remove curse {unknown}
 d - a scroll of amnesia {unknown}
 f - a scroll of noise {unknown}
 i - 3 scrolls of identify {unknown}
 k - a scroll of fog {unknown}
 l - a scroll of enchant armour {unknown}
 m - 2 scrolls of teleportation {unknown}
Comestibles
 c - 4 rations
 o - 3 chunks of flesh


   Skills:
 - Level 1.7 Dodging
 - Level 1.7 Stealth
 + Level 2.9 Spellcasting
 * Level 5.9 Necromancy


You had 2 spell levels left.
You knew the following spells:

 Your Spells              Type           Power        Failure   Level  Hunger
a - Pain                  Necr           ###.         1%          1    None
b - Animate Skeleton      Necr           N/A          1%          1    None
c - Animate Dead          Necr           N/A          16%         4    ####...

Your spell library contained the following spells:

 Spells                   Type           Power        Failure   Level  Hunger
 Vampiric Draining        Necr           ###.......   4%          3    ###....
 Agony                    Necr           ###.....     38%         5    ######.


Dungeon Overview and Level Annotations

Branches:
Dungeon (2/15)

Altars:
Qazlal
The Shining One


Innate Abilities, Weirdness & Mutations

You have a pair of small antennae on your head.
You sometimes gain a little power by taking damage.


Message History

Aim: a gnoll, wielding a +0 spear and quivering a throwing net (chance to defeat MR: 87%)
The gnoll writhes in agony.
The gnoll barely misses you. The gnoll hits you with a +0 spear!
Casting: Pain (safe; 1% risk of failure)
Confirm with . or Enter, or press ? or * to list all spells.
Aiming: Pain (safe; 1% risk of failure)
Press: ? - help, Shift-Dir - straight line, f/p - gnoll
Aim: a gnoll, wielding a +0 spear and quivering a throwing net (lightly wounded, chance to defeat MR: 87%)
The gnoll barely resists.
The gnoll barely misses you. The gnoll hits you with a +0 spear.
Casting: Pain (safe; 1% risk of failure)
Confirm with . or Enter, or press ? or * to list all spells.
Aiming: Pain (safe; 1% risk of failure)
Press: ? - help, Shift-Dir - straight line, f/p - gnoll
Aim: a gnoll, wielding a +0 spear and quivering a throwing net (lightly wounded, chance to defeat MR: 87%)
The gnoll writhes in agony.
The gnoll hits you from afar with a +0 spear.
* * * LOW HITPOINT WARNING * * *
The gnoll hits you with a +0 spear!
You die...

#......# #..[....# #.# #.
#.####.# #..._...# #.# #. #.. #)#
#.......####.# #. #.## #.#
##.....##....# #. #.. #(#
##...######## #. ######.#
...###### #. .....รท.# ...gg..g#
# #. #################g#.# #[
.....)..........@...# #.
################################.
......[..........................
#################################


You could see 2 gnolls.

Vanquished Creatures
  Terence (D:2)
  A gnoll (D:2)
  2 oozes (D:2)
  3 worms (D:2)
  A dart slug (D:1)
  3 leopard geckos (D:2)
  7 bats
  2 giant cockroaches
  6 goblins
  A hobgoblin (D:1)
  A quokka (D:2)
  3 frilled lizards (D:1)
  4 kobolds
  9 rats
44 creatures vanquished.

Notes
Turn   | Place    | Note
-------+----------+-------------------------------------------
     0 | D:1      | Kohma the Demonspawn Necromancer began the quest for the
                  | Orb.
     0 | D:1      | Reached XP level 1. HP: 13/13 MP: 3/3
   458 | D:1      | Gained mutation: You sometimes gain a little power by
                  | taking damage. [demonic ancestry]
   458 | D:1      | Reached XP level 2. HP: 19/19 MP: 3/5
   913 | D:1      | Reached skill level 5 in Necromancy
  1049 | D:2      | Learned a level 1 spell: Animate Skeleton
  1174 | D:2      | Reached XP level 3. HP: 18/24 MP: 3/6
  1415 | D:2      | Noticed Terence
  1421 | D:2      | Killed Terence
  1449 | D:2      | HP: 1/24 [poisoned by Terence]
  1792 | D:2      | Gained mutation: You have a pair of small antennae on your
                  | head. [demonic ancestry]
  1792 | D:2      | Reached XP level 4. HP: 27/30 MP: 8/8
  2403 | D:2      | Learned a level 4 spell: Animate Dead
  2419 | D:2      | Found a glowing golden altar of the Shining One.
  2454 | D:2      | Found a stormy altar of Qazlal.
  2593 | D:2      | Mangled by a gnoll

Levels and vault maps discovered:
D:1:      dpeg_arrival_ternary, layout_basic
D:2:      layout_basic, nicolae_qazlal_general_emergency, lemuel_round_altar,
          serial_corexii_hall, chequers_hall_statues_wall_a,
          corexii_hall_statues_deadend, uniq_terence

Skill      XL: |  1  2 |
---------------+-------+-----
Necromancy     | 5 |  5.9
Dodging        | |  1.7
Stealth        | |  1.7
Spellcasting   | |  2.9

Action                   |  1- 3 |  4- 6 || total
-------------------------+-------+-------++-------
Melee: Unarmed           |     2 |       ||     2
       Short sword       |    42 |    12 ||    54
 Cast: Pain              |    34 |    26 ||    60
       Animate Skeleton  |     3 |     1 ||     4
 Stab: Sleeping          |     2 |     2 ||     4
  Eat: Chunk             |     1 |     1 ||     2
       Ration            |     1 |       ||     1
Armor: Robe              |    11 |     1 ||    12
Dodge: Dodged            |    33 |    11 ||    44

Table legend:
 A = Non-vault XP
 B = Vault XP
 C = Vault XP percentage of total XP
 D = Non-vault monster count
 E = Vault monster count
 F = Vault count percentage of total count
                 A         B        C        D         E       F
            +---------+---------+-------+---------+---------+-------
      Total |      99 |      36 |  26.7 |      43 |       1 |   2.3
            +---------+---------+-------+---------+---------+-------
        D:1 |      30 |       0 |   0.0 |      20 |       0 |   0.0
        D:2 |      69 |      36 |  34.3 |      23 |       1 |   4.2
            +---------+---------+-------+---------+---------+-------
